 Dungeon Crawl Stone Soup version 0.15-a0-1309-g3520d71 (webtiles) character file.

188 Deemzul the Skirmisher (level 5, -1/47 HPs)
             Began as a Hill Orc Fighter on June 7, 2014.
             Was a Follower of Cheibriados.
             Slain by a gnoll
             ... wielding a +0,+0 spear
              (5 damage)
             ... on Level 4 of the Dungeon.
             The game lasted 00:04:16 (2300 turns).

Deemzul the Skirmisher (Hill Orc Fighter)           Turns: 2300, Time: 00:04:17

HP  -1/47        AC 10     Str 22      XL: 5   Next: 67%
MP   5/5         EV  7     Int 10      God: Cheibriados [*.....]
Gold 146         SH  9     Dex 12      Spells:  0 memorised,  4 levels left

rFire  . . .     SeeInvis .     a - +0 war axe
rCold  . . .     Clarity  .     b - +0 scale mail
rNeg   . . .     rCorr    .     c - +0 shield
rPois  .         rRot     .     (no helmet)
rElec  .         Spirit   .     z - +0 cloak
SustAb .         Warding  .     (no gloves)
rMut   .         Stasis   .     (no boots)
Gourm  .                        (no amulet)
MR     .....                    m - +2 ring of protection
                                f - ring of flight

@: very slow, not resistant to hostile enchantments, extremely unstealthy
A: no striking features
a: Bend Time, Renounce Religion, Evoke Flight


You were on level 4 of the Dungeon.
You worshipped Cheibriados.
Cheibriados was aware of your devotion.
You were hungry.

You visited 1 branch of the dungeon, and saw 4 of its levels.

You collected 146 gold pieces.

Inventory:

Hand weapons
 a - a +0,+0 war axe (weapon)
Armour
 b - a +0 scale mail (worn)
 c - a +0 shield (worn)
 z - a +0 cloak (worn)
Comestibles
 d - a meat ration
 j - 9 fruits
 r - 2 beef jerkies
 t - 2 bread rations
Scrolls
 g - 2 scrolls of identify {unknown}
 h - a scroll of enchant weapon I {unknown}
 k - 3 scrolls of magic mapping {unknown}
 n - 3 scrolls of remove curse {unknown}
 s - 3 scrolls of noise {unknown}
 w - a scroll of fear {unknown}
Jewellery
 f - a ring of flight (left hand)
 m - a +2 ring of protection (right hand)
 y - an uncursed amulet of resist corrosion {unknown}
Potions
 e - 4 potions of might
 i - a potion of mutation {unknown}
 l - 2 potions of brilliance
 o - a potion of poison {unknown}
 p - 2 potions of heal wounds {unknown}
 q - a potion of curing {unknown}
 u - a potion of agility {unknown}
 v - a potion of berserk rage {unknown}
 A - a potion of restore abilities {unknown}


   Skills:
 + Level 4.7 Fighting
 * Level 4.2 Axes
 + Level 4.4 Armour
 + Level 1.3 Dodging
 + Level 4.0 Shields


You had 4 spell levels left.
You didn't know any spells.

Dungeon Overview and Level Annotations

Branches:
Dungeon (4/15)
 Temple: D:4-7

Altars:
Cheibriados
Dithmenos
Gozag
Sif Muna
Trog
Vehumet
Yredelemnul
The Shining One


Message History

The gnoll hits you but does no damage. x2
You barely miss the gnoll.
The gnoll is severely wounded.
The gnoll hits you with a whip.
* * * LOW HITPOINT WARNING * * *
You block the gnoll's attack. x3
You completely miss the gnoll.
The gnoll is severely wounded.
The gnoll hits you with a whip.
* * * LOW HITPOINT WARNING * * *
You block the gnoll's attack. The gnoll hits you with a whip.
* * * LOW HITPOINT WARNING * * *
You block the gnoll's attack. You block the gnoll's attack.
The gnoll hits you but does no damage.
You hit the gnoll.
You kill the gnoll!
Cheibriados appreciates the change of pace.
The gnoll hits you from afar with a spear.
You die...

#.# #.# #.# #.# ##+## #.#
##...## #.# ##.....## . ##.##
##.......## ...
######..[####....)....####...#.#
............'...@)g..(')%......#
###......####.........####...#.#
#.###.## ##.......## ## #.# ###
##.....## #.# ##...## ###.#####
##+## ........# ###.###.# # #.<#


You could see a gnoll.

Vanquished Creatures
  A hound (D:3)
  Jessica (D:3)
  6 gnolls
  A giant mite (D:3)
  2 worms
  2 giant geckos (D:1)
  An ooze (D:2)
  5 orcs (D:3)
  5 bats
  9 goblins
  4 hobgoblins
  6 jackals
  6 kobolds
  A quokka (D:3)
  A giant newt (D:4)
  11 rats
62 creatures vanquished.

Vanquished Creatures (others)
  A goblin (D:1)
1 creature vanquished.

Grand Total: 63 creatures vanquished

Notes
Turn   | Place    | Note
--------------------------------------------------------------
     0 | D:1      | Deemzul, the Hill Orc Fighter, began the quest for the Orb.
     0 | D:1      | Reached XP level 1. HP: 19/19 MP: 1/1
   152 | D:1      | Reached skill level 4 in Fighting
   152 | D:1      | Reached XP level 2. HP: 17/27 MP: 2/2
   668 | D:2      | Reached XP level 3. HP: 30/33 MP: 3/3
  1150 | D:3      | Reached XP level 4. HP: 30/40 MP: 4/4
  1183 | D:3      | Noticed Jessica
  1198 | D:3      | Killed Jessica
  1527 | D:3      | Found a bloodstained altar of Trog.
  1565 | D:3      | Found a basalt altar of Yredelemnul.
  1570 | D:3      | Found a bloodstained altar of Trog.
  1571 | D:3      | Found a deep blue altar of Sif Muna.
  1571 | D:3      | Found a glowing golden altar of the Shining One.
  1571 | D:3      | Found a radiant altar of Vehumet.
  1572 | D:3      | Found a snail-covered altar of Cheibriados.
  1574 | D:3      | Found an opulent altar of Gozag.
  1576 | D:3      | Became a worshipper of Cheibriados the Contemplative
  1580 | D:3      | Found a shadowy altar of Dithmenos.
  1692 | D:3      | Reached skill level 1 in Dodging
  1738 | D:3      | Reached XP level 5. HP: 36/47 MP: 5/5
  2300 | D:4      | Slain by a gnoll

Action                   |  1- 3 |  4- 6 || total
-------------------------+-------+-------++-------
Melee: War axe           |   113 |   117 ||   230
  Use: Potion            |       |     1 ||     1
